 Dungeon Crawl Stone Soup version 0.21-a0-632-g1e37ce5 (webtiles) character file.

39 TheGoonsmith the Shield-Bearer (level 3, -15/20 HPs)
             Began as a Vine Stalker Fighter on Dec 27, 2017.
             Demolished by an ogre
             ... wielding a cursed +0 giant club
              (21 damage)
             ... on level 2 of the Dungeon.
             The game lasted 00:01:58 (955 turns).

TheGoonsmith the Shield-Bearer (VSFi)                Turns: 955, Time: 00:01:59

Health: -15/20     AC:  8    Str: 19    XL:     3   Next: 47%
Magic:  0/4        EV:  9    Int:  8    God:
Gold:   91         SH:  4    Dex: 13    Spells: 2/2 levels left

rFire    . . .     SeeInvis .   a - +0 flail
rCold    . . .     Gourm    .   i - +0 buckler
rNeg     . . .     Faith    .   b - +0 scale mail
rPois    .         Spirit   +   e - +2 hat
rElec    .         Reflect  .   (no cloak)
rCorr    .         Harm     .   (no gloves)
MR       .....                  (no boots)
Stlth    ..........             (no amulet)
HPRegen  0.06/turn              (no ring)
MPRegen  0.09/turn              (no ring)

@: no status effects
A: fangs 2, magic shield, antimagic bite, no potion heal 3, rot immunity
a: no special abilities


You were on level 2 of the Dungeon.
You were not hungry.

You visited 1 branch of the dungeon, and saw 2 of its levels.

You collected 91 gold pieces.

Inventory:

Hand Weapons
 a - a +0 flail (weapon)
Armour
 b - a +0 scale mail (worn)
 c - a +0 shield
 e - a +2 hat (worn)
 i - a +0 buckler (worn)
Scrolls
 h - 2 scrolls of immolation {unknown}
 m - a scroll of teleportation {unknown}
Potions
 d - 2 potions of might
 j - 2 potions of haste {unknown}
 k - a potion of resistance {unknown}
 l - a potion of berserk rage {unknown}
Comestibles
 f - 5 rations
 g - a chunk of flesh


   Skills:
 + Level 3.0 Fighting
 * Level 2.7 Maces & Flails
 - Level 2.4 Armour
 + Level 3.0 Shields


You had 2 spell levels left.
You didn't know any spells.

Dungeon Overview and Level Annotations

Branches:
Dungeon (2/15)

Altars:


Innate Abilities, Weirdness & Mutations

You have extremely sharp teeth.
When hurt, damage is shared between your health and your magic reserves.
Your bite disrupts and absorbs the magic of your enemies.
Potions cannot restore your health.
You are immune to rotting.


Message History

* * * LOW HITPOINT WARNING * * *
You sock the hobgoblin!
You kill the hobgoblin!
You hit the ogre. You bite the ogre, but do no damage.
The ogre is lightly wounded.
The ogre barely misses you.
You hit the ogre but do no damage.
The ogre is lightly wounded.
The ogre misses you.
You hit the ogre but do no damage.
The ogre is lightly wounded.
The ogre barely misses you.
You hit the ogre. You bite the ogre. You drain its power.
You feel invigorated.
The ogre is moderately wounded.
The ogre closely misses you.
You sock the ogre!
The ogre is severely wounded.
The ogre hits you with a giant club!!
Ouch! That really hurt!
You die...

### #.# #.. #.#####
#.<...#.# #######
#.......#
#......########...#
#......##...@Ow...#
#......##.#####.###
#......##.# #.#
#......##.# #.#
#......##.#####..
#...............#
#####...............+
....#...............#
###........##...#####


You could see an ogre and a dart slug.

Vanquished Creatures
  An adder (D:2)
  A dart slug (D:1)
  2 leopard geckos (D:1)
  A goblin (D:1)
  5 hobgoblins
  4 bats (D:1)
  3 frilled lizards (D:1)
  5 kobolds (D:1)
  6 rats (D:1)
28 creatures vanquished.

Notes
Turn   | Place    | Note
-------+----------+-------------------------------------------
     0 | D:1      | TheGoonsmith the Vine Stalker Fighter began the quest for the Orb.
     0 | D:1      | Reached XP level 1. HP: 11/11 MP: 2/2
    87 | D:1      | Reached XP level 2. HP: 16/16 MP: 3/3
   509 | D:1      | Reached XP level 3. HP: 19/19 MP: 4/4
   941 | D:2      | Noticed an ogre
   955 | D:2      | Demolished by an ogre

Vault maps used:
D:1:      minmay_arrival_jagged
D:2:      minmay_door_path, corexii_corridor_pit

Skill      XL: |  1  2  3 |
---------------+----------+-----
Maces & Flails | 2 |  2.7
Fighting       | 3 |  3.0
Shields        | 3 |  3.0
Armour         | |  2.4

Action                   || total
-------------------------++-------
Melee: Flail             ||    79
       Bite              ||    17
Armor: Scale mail        ||    48
Dodge: Dodged            ||    41
Block: Shield            ||    16
       Buckler           ||     9

Table legend:
 A = Spawn XP
 B = Non-spawn XP
 C = Spawn XP percentage of total XP
 D = Spawn monster count
 E = Non-spawn monster count
 F = Spawn count percentage of total count
 G = Total turns spent on level
                    A         B        C        D         E        F      G
               +---------+---------+-------+---------+---------+-------+---------
         Total |       0 |      57 |   0.0 |       0 |      28 |   0.0 |   955
               +---------+---------+-------+---------+---------+-------+---------
           D:1 |       0 |      39 |   0.0 |       0 |      25 |   0.0 |   873
           D:2 |       0 |      18 |   0.0 |       0 |       3 |   0.0 |    82
               +---------+---------+-------+---------+---------+-------+---------
